 Dungeon Crawl Stone Soup version 0.21-a0-196-g6a663c0 (webtiles) character file.

79 Deaus the Insei (level 4, 0/32 HPs)
             Began as a Merfolk Transmuter on Aug 15, 2017.
             Slain by Crazy Yiuf
             ... wielding a +2 quarterstaff of chaos
              (7 damage)
             ... on level 2 of the Dungeon.
             The game lasted 00:05:25 (1937 turns).

Deaus the Insei (Merfolk Transmuter)                Turns: 1937, Time: 00:05:25

Health: 0/32       AC:  2    Str: 10    XL:     4   Next: 38%
Magic:  7/7        EV: 13    Int: 13    God:
Gold:   113        SH:  0    Dex: 14    Spells: 6/7 levels left

rFire    + . .     SeeInvis .   j - +1 dagger (venom)
rCold    . . .     Gourm    +   (no shield)
rNeg     . . .     Faith    .   b - +0 robe
rPois    .         Spirit   .   (no helmet)
rElec    .         Reflect  .   (no cloak)
rCorr    .         Harm     .   (no gloves)
MR       .....                  (no boots)
Stlth    ++........             e - amulet of the gourmand
HPRegen  0.10/turn              k - ring of protection from fire
MPRegen  0.10/turn              (no ring)

@: no status effects
A: change form in water, swift swim, stealthy swim
a: no special abilities


You were on level 2 of the Dungeon.
You were very full.

You visited 1 branch of the dungeon, and saw 2 of its levels.

You collected 113 gold pieces.

Inventory:

Hand Weapons
 j - a +1 dagger of venom (weapon)
Missiles
 a - 12 arrows
Armour
 b - a +0 robe (worn)
Jewellery
 e - an amulet of the gourmand (around neck)
 k - a ring of protection from fire (left hand)
 q - an uncursed ring of resist corrosion {unknown}
Scrolls
 g - 3 scrolls of identify {unknown}
 h - 2 scrolls of teleportation {unknown}
 l - 2 scrolls of immolation {unknown}
 m - a scroll of enchant weapon {unknown}
 n - a scroll of fear {unknown}
 p - a scroll of remove curse {unknown}
Potions
 o - a potion of might {unknown}
Books
 c - a book of Changes

   Spells                             Type                      Level
   a - Beastly Appendage              Transmutation                1
   b - Sticks to Snakes               Transmutation                2
   c - Spider Form                    Transmutation/Poison         3
   d - Ice Form                       Ice/Transmutation            4
   e - Blade Hands                    Transmutation                5
Comestibles
 d - 2 bread rations
 f - 3 meat rations


   Skills:
 + Level 1.2 Fighting
 * Level 1.7 Short Blades
 + Level 3.2 Dodging
 * Level 1.6 Stealth
 - Level 4.1 Unarmed Combat
 + Level 2.2 Spellcasting
 * Level 3.1 Transmutations


You had 6 spell levels left.
You knew the following spells:

 Your Spells              Type           Power        Failure   Level  Hunger
a - Beastly Appendage     Tmut           #.....       7%          1    ##.....


Dungeon Overview and Level Annotations

Branches:
Dungeon (2/15)

Altars:

Annotations:
D:2 Crazy Yiuf


Message History

You hit Crazy Yiuf but do no damage.
Crazy Yiuf is poisoned.
You hit Crazy Yiuf.
Crazy Yiuf is lightly wounded.
Crazy Yiuf whimpers, "Peeping noodlescoop rumpyflump!"
Crazy Yiuf hits you with a quarterstaff of chaos.
You are poisoned.
You hit Crazy Yiuf.
Crazy Yiuf is heavily wounded.
You feel sick.
Crazy Yiuf hits you with a quarterstaff of chaos!
Crazy Yiuf freezes you.
You feel better.
Crazy Yiuf hits you with a quarterstaff of chaos!
* * * LOW HITPOINT WARNING * * *
Crazy Yiuf burns you.
* * * LOW HITPOINT WARNING * * *
You hit Crazy Yiuf but do no damage.
Crazy Yiuf looks as sick as possible!
Crazy Yiuf is heavily wounded.
Crazy Yiuf hits you with a quarterstaff of chaos!
You die...

.##(....##..........############.
.##.....##.#####.#####...........
.##.....##.####### #########...
.##.....##.#..# #...
..............# #...
.#.#######.####### ##### #...
...#######.##.'.P## ###..)# ####
....(......#....PP####.'...#
#[#...[..#......@P.#..##...#
#...#.)..#.##.'.#g#.########
#.#......#....#######
....#<#<.'....# #.......##....###
######## #####.#.##......#####
#....... #.....##..........#
#......รท #...####..........#
#....... #...# ######...).#
#.......


You could see Crazy Yiuf.

Vanquished Creatures
  2 adders (D:2)
  An ooze (D:2)
  2 dart slugs (D:1)
  2 leopard geckos (D:1)
  2 ball pythons (D:2)
  6 bats
  4 giant cockroaches
  4 goblins (D:1)
  7 hobgoblins
  7 jackals
  6 kobolds
  3 rats
  A fungus (D:2)
47 creatures vanquished.

Notes
Turn   | Place    | Note
-------+----------+-------------------------------------------
     0 | D:1      | Deaus the Merfolk Transmuter began the quest for the Orb.
     0 | D:1      | Reached XP level 1. HP: 15/15 MP: 3/3
   261 | D:1      | Reached XP level 2. HP: 6/21 MP: 3/5
   727 | D:1      | Reached skill level 1 in Stealth
   870 | D:1      | Reached XP level 3. HP: 26/26 MP: 6/6
   904 | D:1      | Reached skill level 4 in Unarmed Combat
  1352 | D:2      | Reached skill level 1 in Short Blades
  1357 | D:2      | Reached XP level 4. HP: 16/32 MP: 7/7
  1913 | D:2      | Found a runed door.
  1917 | D:2      | Noticed Crazy Yiuf
  1937 | D:2      | Slain by Crazy Yiuf

Vault maps used:
D:1:      dpeg_arrival_stonehenge_8_columns
D:2:      uniq_crazy_yiuf_cottage

Skill      XL: |  1  2  3 |
---------------+----------+-----
Transmutations | 3 |  3.1
Stealth        | 1 |  1.6
Unarmed Combat | 4 |  4.1
Dodging        | 3 |  3.2
Short Blades   | 1 |  1.7
Fighting       | |  1.2
Spellcasting   | |  2.2

Action                   |  1- 3 |  4- 6 || total
-------------------------+-------+-------++-------
Melee: Unarmed           |    33 |       ||    33
       Dagger            |    67 |    46 ||   113
       Headbutt          |     1 |       ||     1
       Punch             |       |     1 ||     1
 Cast: Beastly Appendage |     2 |       ||     2
  Use: Potion            |     2 |     2 ||     4
 Stab: Sleeping          |     3 |     1 ||     4
  Eat: Chunk             |     3 |     8 ||    11
Armor: Robe              |    29 |     2 ||    31
Dodge: Dodged            |    71 |    16 ||    87
